Map: Catalyst LE

Players

CinDra

  • Race: Zerg Zerg
  • Spawn Location: 11:00

A.I. 1 (Very Easy) - Winner!

  • Race: Zerg Zerg
  • Spawn Location: 5:00

VOD

Have the link to the VOD?

Description

Time

  • Played on: Jan. 16, 2018, 4:31 p.m.
  • Length: 2:20
Show
View Real Time Build Order
Export as new Build Order

CinDra Zerg 

Build Orders: Hatch First 

Get SALT Encoding   

  12  0:02  Drone  
  13  0:13  Overlord  
  13  0:18  Drone  
  14  0:34  Overlord  
  14  0:39  Drone  
  14  0:40  Drone  
  16  1:03  Hatchery  
  15  1:12  Extractor  
  15  1:13  Drone x3  
  17  1:29  Spawning Pool  
  16  1:34  Drone  
  17  1:51  Overlord  
Show
View Real Time Build Order
Export as new Build Order

A.I. 1 (Very Easy) Zerg - Winner!

Build Orders: Pool Only 

Get SALT Encoding   

  12  0:00  Drone  
  13  0:12  Overlord  
  13  0:17  Drone  
  14  0:34  Spawning Pool  
  13  0:37  Drone  
  13  0:41  Extractor  
  13  0:45  Drone  
  14  0:52  Overlord  
  14  1:21  Zergling x2  
  14  1:22  Queen  
  17  1:31  Roach Warren  
  16  1:33  Drone  
  16  1:38  Extractor  
  16  1:42  Drone  
  18  1:47  Zergling x2  
  18  2:00  Drone  
  19  2:07  Drone  
Tags
 
Matchup
ZvZ
Race
Zerg
Spawn Locations
Cross Positions
Add a new tag
Caveats
  • Supply blocks, unpowered buildings, or Contaminate may cause inaccurate times.
  • Supply counts are checked every 10 seconds.